 Dungeon Sprint DCSS version 0.27-a0-686-gaed091b46b (webtiles) character file.

Game seed: 7401820488664822910

4096 mhtbhm the Severer (level 10, -7/145 HPs)
             Began as a Minotaur Fighter on Mar 20, 2021.
             Was the Champion of Trog.
             Mangled by a death scarab (9 damage)
             ... summoned by a royal mummy
             ... in the Dungeon (Sprint VII: "The Pits").
             The game lasted 00:02:43 (1621 turns).

mhtbhm the Severer (Minotaur Fighter)               Turns: 1621, Time: 00:02:44

Health: -7/145     AC: 18    Str: 27    XL:     10   Next: 5%
Magic:  9/9        EV: 11    Int:  5    God:    Trog [******]
Gold:   0          SH: 14    Dex: 10    Spells: 9/9 levels left

rFire    . . .     SeeInvis .   a - +1 broad axe (vorpal)
rCold    . . .     Faith    .   c - +0 kite shield
rNeg     . . .     Spirit   .   b - +4 scale mail
rPois    .         Reflect  .   (helmet restricted)
rElec    .         Harm     .   o - +0 cloak
rCorr    .         Rampage  .   (no gloves)
Will     .....     NoTele   +   (no boots)
Stlth    ..........             (no amulet)
HPRegen  0.34/turn              n - +3 ring of strength
MPRegen  0.11/turn              m - +3 ring of protection

@: berserking, lethally poisoned (-7 -> -30), very quick
A: horns 2, retaliatory headbutt
a: Renounce Religion, Berserk, Trog's Hand, Brothers in Arms


You were in the Dungeon.
You worshipped Trog.
Trog was exalted by your worship.
You visited 1 branch

Inventory:

Hand Weapons
 a - a +1 vorpal broad axe (weapon)
Armour
 b - a +4 scale mail (worn)
 c - a +0 kite shield (worn)
 o - a +0 cloak (worn)
Jewellery
 m - a +3 ring of protection (left hand)
 n - a +3 ring of strength (right hand)
Scrolls
 j - a scroll of blinking
 l - a scroll of summoning
Potions
 d - a potion of might
 e - 9 potions of curing
 f - 18 potions of heal wounds
 g - a potion of haste
 h - 4 potions of magic
 i - 3 potions of berserk rage
 k - 2 potions of invisibility


   Skills:
 + Level 12.2 Fighting
 + Level 15.6 Axes
 + Level 13.2 Armour
 + Level 4.1 Dodging
 + Level 1.9 Stealth
 + Level 13.8 Shields


You had 9 spell levels left.
You didn't know any spells.
Your spell library was empty.

Dungeon Overview and Level Annotations

Branches:
Dungeon (1/1)

Altars:
Ashenzari
Cheibriados
Dithmenos
Elyvilon
Fedhas
Gozag
Hepliaklqana
Kikubaaqudgha
Makhleb
Nemelex Xobeh
Okawaru
Qazlal
Ru
Sif Muna
Trog
Uskayaw
Vehumet
Wu Jian
Xom
Yredelemnul
Zin
The Shining One
Beogh
Jiyva
Lugonu


Innate Abilities, Weirdness & Mutations

You have a pair of horns on your head.
You reflexively headbutt those who attack you in melee.


Message History

The royal mummy is heavily damaged.
You closely miss the emperor scorpion.
You feel sick.
Unknown command.
You hit the royal mummy but do no damage.
The royal mummy is heavily damaged.
You slice the emperor scorpion!!
You feel sick. The royal mummy hits you!!
* * * LOW HITPOINT WARNING * * *
The emperor scorpion stings you!
* * * LOW HITPOINT WARNING * * *
You block the emperor scorpion's attack.
The emperor scorpion claws you but does no damage.
You hit the royal mummy. You headbutt the royal mummy.
The royal mummy is heavily damaged.
You slash the emperor scorpion!
* * * LOW HITPOINT WARNING * * *
You feel sick.
You barely miss the royal mummy.
The royal mummy is heavily damaged.
You hit the emperor scorpion.
* * * LOW HITPOINT WARNING * * *
You feel sick.
The royal mummy hits you but does no damage.
You block the emperor scorpion's attack.
The emperor scorpion claws you but does no damage.
The emperor scorpion claws you.
* * * LOW HITPOINT WARNING * * *
Unknown command.
Unknown command.
You hit the royal mummy.
The royal mummy is severely damaged.
You slash the emperor scorpion!
* * * LOW HITPOINT WARNING * * *
You feel sick.
The royal mummy gestures wildly while chanting.
You slash the royal mummy! Your headbutt misses the royal mummy.
The royal mummy is severely damaged.
You closely miss the death scarab. You closely miss the emperor scorpion.
* * * LOW HITPOINT WARNING * * *
You feel sick. The death scarab bites you!
You die...

#+# #B# #B#
################M#
....)).......†Bs@#
....).)........B.#
+##############..#
#..# #†.# #..#
#..# #..# #..#


You could see a royal mummy, an emperor scorpion (summoned) and 4 death scarabs.

Vanquished Creatures
  A great orb of eyes (D)
  A shadow wraith (D)
  An orc knight (D)
  A gargoyle (D)
  2 komodo dragons (D)
  A merfolk (D)
  A redback (D)
  A shadow (D)
  An air elemental (D)
  A chaos spawn (D)
  2 wargs (D)
  A swamp drake (D)
  3 orc warriors (D)
  A wolf (D)
  A centaur (D)
  A bullfrog (D)
  A scorpion (D)
  3 wights (D)
  5 killer bees (D)
  An orc priest (D)
  A hound (D)
  An orc wizard (D)
  A gnoll (D)
  A river rat (D)
  An ufetubus (D)
  2 orcs (D)
  A ball python (D)
  A bat skeleton (D)
  A giant cockroach (D)
  A hobgoblin (D)
  2 kobolds (D)
  2 quokkas (D)
45 creatures vanquished.

Vanquished Creatures (others)
  An orc priest (D)
  2 orcs (D)
3 creatures vanquished.

Grand Total: 48 creatures vanquished

Notes
Turn   | Place    | Note
-------+----------+-------------------------------------------
     0 | D        | mhtbhm the Minotaur Fighter began the quest for the Orb.
     0 | D        | Reached XP level 1. HP: 19/19 MP: 0/0
    20 | D        | Found a bloodstained altar of Trog.
    20 | D        | Found a shimmering blue altar of Sif Muna.
    20 | D        | Found a viscous altar of Jiyva.
    20 | D        | Found a hazy altar of Hepliaklqana.
    20 | D        | Found an opulent altar of Gozag.
    21 | D        | Found a glowing golden altar of the Shining One.
    21 | D        | Found a glowing silver altar of Zin.
    21 | D        | Found a basalt altar of Yredelemnul.
    21 | D        | Found a shimmering altar of Xom.
    21 | D        | Found an ornate altar of the Wu Jian Council.
    21 | D        | Found a sacrificial altar of Ru.
    21 | D        | Found a stormy altar of Qazlal.
    21 | D        | Found an iron altar of Okawaru.
    21 | D        | Found a sparkling altar of Nemelex Xobeh.
    21 | D        | Found a burning altar of Makhleb.
    21 | D        | Found a blossoming altar of Fedhas.
    21 | D        | Found a white marble altar of Elyvilon.
    21 | D        | Found a shadowy altar of Dithmenos.
    21 | D        | Found a snail-covered altar of Cheibriados.
    23 | D        | Found a radiant altar of Vehumet.
    23 | D        | Found a corrupted altar of Lugonu.
    25 | D        | Became a worshipper of Trog the Wrathful
    72 | D        | Reached * piety under Trog
    73 | D        | Reached skill level 3 in Axes
    73 | D        | Reached XP level 2. HP: 23/28 MP: 1/1
    91 | D        | Reached ** piety under Trog
    92 | D        | Reached skill level 5 in Fighting
    92 | D        | Reached skill level 4 in Axes
    92 | D        | Reached skill level 5 in Armour
    92 | D        | Reached skill level 5 in Shields
    92 | D        | Reached XP level 3. HP: 22/36 MP: 2/2
   264 | D        | Noticed a centaur
   265 | D        | Noticed a scorpion
   269 | D        | Noticed a bullfrog
   270 | D        | Reached *** piety under Trog
   271 | D        | Reached skill level 5 in Axes
   271 | D        | Reached XP level 4. HP: 44/44 MP: 3/3
   272 | D        | Killed a centaur
   273 | D        | Reached skill level 1 in Dodging
   273 | D        | Reached XP level 5. HP: 51/51 MP: 4/4
   275 | D        | Reached skill level 6 in Axes
   279 | D        | Reached **** piety under Trog
   280 | D        | Reached XP level 6. HP: 60/60 MP: 5/5
   282 | D        | Reached skill level 7 in Axes
   307 | D        | Noticed an orc warrior
   322 | D        | Killed an orc warrior
   323 | D        | Reached skill level 8 in Axes
   323 | D        | Reached skill level 10 in Armour
   323 | D        | Reached skill level 10 in Shields
   327 | D        | Reached ***** piety under Trog
   328 | D        | Reached XP level 7. HP: 52/69 MP: 6/6
   338 | D        | Reached skill level 9 in Axes
   611 | D        | Noticed a komodo dragon
   615 | D        | Reached skill level 10 in Axes
   632 | D        | Killed a komodo dragon
   837 | D        | Found a hide-covered altar of Uskayaw.
   837 | D        | Found an ancient bone altar of Kikubaaqudgha.
   837 | D        | Found a broken altar of Ashenzari.
   865 | D        | Noticed a shadow
   871 | D        | Killed a shadow
   871 | D        | Received a gift from Trog
   872 | D        | Reached XP level 8. HP: 73/78 MP: 7/7
   893 | D        | Noticed a gargoyle
   893 | D        | Noticed a great orb of eyes
   899 | D        | Killed a great orb of eyes
   900 | D        | Reached skill level 10 in Fighting
   900 | D        | Reached skill level 12 in Axes
   900 | D        | Killed a shadow wraith
   901 | D        | Reached skill level 13 in Axes
   901 | D        | Reached skill level 1 in Stealth
   901 | D        | Reached XP level 9. HP: 86/86 MP: 8/8
   907 | D        | Killed a gargoyle
   907 | D        | Reached ****** piety under Trog
  1035 | D        | Noticed a merfolk
  1047 | D        | Reached skill level 14 in Axes
  1060 | D        | Killed a merfolk
  1202 | D        | Noticed an orc knight
  1217 | D        | Killed an orc knight
  1220 | D        | Received a gift from Trog
  1225 | D        | Reached skill level 15 in Axes
  1511 | D        | Noticed a komodo dragon
  1521 | D        | Killed a komodo dragon
  1522 | D        | Reached XP level 10. HP: 75/97 MP: 9/9
  1606 | D        | Noticed a royal mummy
  1613 | D        | Noticed an emperor scorpion
  1619 | D        | HP: 6/145 [emperor scorpion[a royal mummy] (2)]
  1621 | D        | Noticed a death scarab
  1621 | D        | Noticed a death scarab
  1621 | D        | Noticed a death scarab
  1621 | D        | Noticed a death scarab
  1621 | D        | HP: 2/145 [poisoned by an emperor scorpion]
  1621 | D        | Mangled by a death scarab

Illustrated notes

Levels and vault maps discovered:
D:        pitsprint [storerooms_1, entrance_room_1, metal_vault_1, armoury_1,
          mini_pit_1, grid_room_1, main_hall_1, silver_pit, the_coven_1,
          the_vestibule_1, steel_vault_5, golden_pit, hallway_of_sentries,
          crystal_vault_6, iron_vault_2, final_vault]

Skill      XL: |  1  2  3  4  5  6  7  8  9 |
---------------+----------------------------+-----
Shields        | 4 5 7 8 9 10 11 12 13 | 13.8
Fighting       | 4 5 6 7 8 9 10 12 | 12.2
Axes           | 3 4 5 6 8 10 13 15 | 15.6
Armour         | 4 5 6 7 9 10 11 12 13 | 13.2
Dodging        | 1 2 3 4 |  4.1
Stealth        | 1 |  1.9

Action                   |  1- 3 |  4- 6 |  7- 9 | 10-12 || total
-------------------------+-------+-------+-------+-------++-------
Melee: Hand axe          |    27 |    31 |    25 |       ||    83
       War axe           |     3 |       |       |       ||     3
       Headbutt          |     2 |     6 |    21 |     4 ||    33
       Broad axe         |       |       |    67 |    14 ||    81
Invok: Berserk           |     1 |       |     3 |     1 ||     5
 Stab: Confused          |       |       |     1 |       ||     1
Armor: Scale mail        |     7 |       |    20 |     6 ||    33
       Chain mail        |     4 |    11 |     5 |       ||    20
Dodge: Dodged            |     9 |     2 |    27 |       ||    38
Block: Kite shield       |    21 |    15 |    61 |     3 ||   100

Table legend: (Time is in decaauts)
 A = Elapsed time spent in this place.
 B = Non-inter-level travel time spent in this place.
 C = Inter-level travel time spent in this place.
 D = Time resting spent in this place.
 E = Time spent auto-exploring this place.
 F = Levels seen in this place.
 G = Mean time per level.
                   A        B        C        D        E       F      G
               +--------+--------+--------+--------+--------+-----+--------+
         Total |   1654 |   1654 |      0 |    894 |    274 |   1 | 1654.0 |
       Dungeon |   1654 |   1654 |      0 |    894 |    274 |   1 | 1654.0 |
               +--------+--------+--------+--------+--------+-----+--------+

Top non-repeatable levels by time:
       D: 1654 daAuts
